 Dungeon Crawl Stone Soup version 0.20-a0-795-ga03948b (webtiles) character file.

5438 pisechka the Fighter (level 10, -6/92 (93) HPs)
             Began as a Minotaur Berserker on Mar 1, 2017.
             Was a High Priest of Trog.
             Engulfed by a cloud of flame (13 damage)
             ... on level 9 of the Dungeon on Mar 2, 2017.
             The game lasted 01:05:21 (11521 turns).

pisechka the Fighter (Minotaur Berserker)          Turns: 11521, Time: 01:05:22

HP:   -6/92 (93)    AC: 12    Str: 25    XL:     10   Next: 41%
MP:   9/9           EV: 14    Int:  4    God:    Trog [*****.]
Gold: 512           SH:  0    Dex: 10    Spells: 9/9 levels left

rFire    . . .     SeeInvis .   t - +0 war axe
rCold    + . .     Gourm    .   g - +1 scale mail {rN+}
rNeg     + . .     Faith    .   (no shield)
rPois    +         Spirit   .   (helmet restricted)
rElec    .         Reflect  .   (no cloak)
rCorr    .         Harm     .   E - +0 pair of gloves
MR       ++...                  l - +0 pair of boots
Stlth    ..........             (no amulet)
Regen    1.3/turn               M - ring of poison resistance
MPRegen  0.2/turn               s - ring of protection from cold

@: regenerating
A: retaliatory headbutt, horns 2
a: Berserk, Trog's Hand, Brothers in Arms, Burn Spellbooks, Renounce Religion


You were on level 9 of the Dungeon.
You worshipped Trog.
Trog was extremely pleased with you.
You were hungry.

You visited 2 branches of the dungeon, and saw 10 of its levels.
You also visited: Sewer.

You collected 512 gold pieces.

Inventory:

Hand Weapons
 t - a +0 war axe (weapon)
Armour
 g - a +1 scale mail of positive energy (worn)
 l - a +0 pair of boots (worn)
 E - a +0 pair of gloves (worn)
Jewellery
 s - a ring of protection from cold (left hand)
 F - an uncursed ring of magical power
 M - a ring of poison resistance (right hand)
Wands
 a - a wand of polymorph (14/24)
 r - a wand of enslavement (14/24)
 u - a wand of iceblast (8/15)
 v - a wand of scattershot (2/9)
 w - a wand of paralysis (3/24)
 x - a wand of confusion (33/48)
 y - a wand of flame (42/48)
 B - a wand of disintegration (13/24)
 J - a wand of iceblast (3/15)
 L - a wand of digging (12/24)
Scrolls
 b - 2 scrolls of identify
 i - a scroll of enchant weapon
 m - 8 scrolls of remove curse
 A - 3 scrolls of magic mapping
 C - 2 scrolls of fear
 D - a scroll of blinking
 H - 3 scrolls of teleportation
Potions
 d - a potion of mutation
 e - 2 potions of brilliance
 f - a potion of lignification
 h - 4 potions of haste
 j - 4 potions of agility
 k - 6 potions of curing
 n - a potion of cancellation
 p - a potion of invisibility
 q - a potion of magic
 z - 3 potions of degeneration
 G - a potion of might
 I - a potion of heal wounds
 K - a potion of ambrosia
Comestibles
 c - 6 bread rations
 o - 4 meat rations


   Skills:
 + Level 10.2 Fighting
 + Level 9.8 Axes
 + Level 9.7 Armour
 + Level 8.7 Dodging


You had 9 spell levels left.
You didn't know any spells.

Dungeon Overview and Level Annotations

Branches:
Dungeon (9/15)             Temple (1/1) D:4
   Lair: D:8-11         Orc: D:9-12

Altars:
Ashenzari
Cheibriados
Dithmenos
Elyvilon
Fedhas
Gozag
Hepliaklqana
Kikubaaqudgha
Makhleb
Nemelex Xobeh
Okawaru
Qazlal
Sif Muna
Trog
Vehumet
Xom
Yredelemnul
Zin
The Shining One

Shops:
D:5 }=


Innate Abilities, Weirdness & Mutations

You reflexively headbutt those who attack you in melee.
You have a pair of horns on your head.


Message History

You hear the loud creaking of a very distant portcullis.
You open the door.
There is an open door here.
You're in a travel-excluded area, stopping explore.
You're in a travel-excluded area, stopping explore.
You hear the loud creaking of a distant portcullis.
You are engulfed in blazing flames.
You are engulfed in blazing flames.
You are engulfed in blazing flames.
Your skin crawls.
You feel resistant to hostile enchantments.
You are feeling hungry.
You are engulfed in blazing flames.
You are engulfed in blazing flames.
You are engulfed in blazing flames.
* * * LOW HITPOINT WARNING * * *
You are engulfed in blazing flames.
* * * LOW HITPOINT WARNING * * *
You are engulfed in blazing flames.
You die...

#..........#......#
#...
########...#......#
#... #§§§#......#
#... ##§##8######
#... ####§§.## #...
#§§§§§§# #.##
####§§.# #.#
#§.§#### #.#
#§@§§§§# #.#
#§§§#### #.#
####§§.# ####
#§§§§§§# ##
####§§.# #§§§#
#....§ #...###
#...#


There were no monsters in sight!

Vanquished Creatures
  2 two-headed ogres (D:8)
  Grinder (D:5)
  A spriggan (D:7)
  Eustachio (D:4)
  A water moccasin (D:6)
  A hornet zombie (D:8)
  2 sky beasts (D:7)
  A necrophage (D:8)
  An orc warrior (D:8)
  6 ogres
  3 phantoms
  3 centaurs
  2 big kobolds
  A bullfrog (D:7)
  A gnoll sergeant (D:8)
  2 scorpions (D:9)
  3 killer bees (D:9)
  4 wights (D:6)
  3 jellies
  A bullfrog zombie (D:6)
  3 crimson imps
  A quasit (D:7)
  7 orc priests
  2 hounds
  2 gnoll shamans
  3 iguanas
  Terence (D:2)
  Natasha (thrice) (D:4)
  7 orc wizards
  2 worker ants
  A hound zombie (D:7)
  A hound skeleton (D:6)
  A howler monkey skeleton (D:5)
  11 adders
  16 gnolls
  A river rat (D:6)
  2 shadow imps
  An ooze (D:2)
  An adder skeleton (D:6)
  2 worms
  A dart slug (D:4)
  2 leopard geckos
  34 orcs
  5 giant cockroaches
  10 goblins
  14 hobgoblins
  13 jackals
  2 quokkas (D:8)
  3 ball pythons
  8 bats
  11 frilled lizards
  A giant cockroach zombie (D:5)
  A jackal skeleton (D:4)
  21 kobolds
  A quokka zombie (D:5)
  10 rats
  A butterfly (D:8)
246 creatures vanquished.

Vanquished Creatures (others)
  A plant (Sewer)
1 creature vanquished.

Grand Total: 247 creatures vanquished

Notes
Turn   | Place    | Note
-------+----------+-------------------------------------------
     0 | D:1      | pisechka the Minotaur Berserker began the quest for the Orb.
     0 | D:1      | Reached XP level 1. HP: 19/19 MP: 0/0
   434 | D:1      | Reached XP level 2. HP: 27/27 MP: 1/1
  1286 | D:2      | Reached XP level 3. HP: 33/33 MP: 2/2
  1302 | D:2      | Reached skill level 4 in Fighting
  1834 | D:2      | Noticed Terence
  1846 | D:2      | Killed Terence
  1846 | D:2      | Reached XP level 4. HP: 37/40 MP: 3/3
  1944 | D:2      | Reached ** piety under Trog
  3309 | D:3      | Reached XP level 5. HP: 16/47 MP: 4/4
  4080 | D:3      | Found a white marble altar of Elyvilon.
  4261 | D:4      | Noticed Natasha
  4265 | D:4      | Noticed a phantom
  4268 | D:4      | Killed Natasha
  4269 | D:4      | Reached skill level 5 in Fighting
  4290 | D:4      | Killed a phantom
  4290 | D:4      | Reached skill level 5 in Axes
  4290 | D:4      | Reached XP level 6. HP: 46/56 MP: 5/5
  4689 | D:4      | Found a staircase to the Ecumenical Temple.
  4804 | Temple   | Entered the Ecumenical Temple
  4988 | D:4      | Reached skill level 5 in Armour
  4988 | D:4      | Reached XP level 7. HP: 62/62 MP: 6/6
  5001 | D:4      | Noticed Eustachio
  5021 | D:4      | Killed Eustachio
  5070 | D:4      | Found a stormy altar of Qazlal.
  5070 | D:4      | Noticed Natasha
  5074 | D:4      | Killed Natasha
  5074 | D:4      | Reached skill level 6 in Fighting
  5144 | D:4      | Reached *** piety under Trog
  5230 | D:4      | Noticed Natasha
  5233 | D:4      | Killed Natasha
  5233 | D:4      | Reached skill level 5 in Dodging
  5520 | D:5      | Entered Level 5 of the Dungeon
  5557 | D:5      | Found Fidd's Jewellery Shoppe.
  5568 | D:5      | Noticed Grinder
  5583 | D:5      | Killed Grinder
  5602 | D:5      | Reached XP level 8. HP: 65/71 MP: 7/7
  5712 | D:5      | Found a sparkling altar of Nemelex Xobeh.
  5817 | D:5      | Found Bibuwnik's Gadget Emporium.
  5976 | D:5      | Found a deep blue altar of Sif Muna.
  6252 | D:6      | Found a glowing drain.
  6260 | D:6      | Reached **** piety under Trog
  6263 | D:6      | Reached skill level 7 in Fighting
  6448 | D:6      | Found a burning altar of Makhleb.
  6807 | Sewer    | Entered a sewer
  7656 | D:6      | Received a gift from Trog
  7751 | D:6      | Reached skill level 8 in Fighting
  7811 | D:7      | Reached XP level 9. HP: 76/81 MP: 8/8
  7969 | D:7      | Found a basalt altar of Yredelemnul.
  7969 | D:7      | Found a snail-covered altar of Cheibriados.
  8846 | D:7      | Found a bloodstained altar of Trog.
  9391 | D:8      | Reached skill level 9 in Fighting
  9403 | D:8      | Reached ***** piety under Trog
 10022 | D:8      | Found a shimmering altar of Xom.
 10061 | D:8      | Found a glowing silver altar of Zin.
 10221 | D:8      | Noticed a two-headed ogre
 10228 | D:8      | Killed a two-headed ogre
 10228 | D:8      | Reached XP level 10. HP: 70/91 MP: 9/9
 10530 | D:8      | Noticed a two-headed ogre
 10538 | D:8      | Killed a two-headed ogre
 10538 | D:8      | Reached skill level 10 in Fighting
 11521 | D:9      | Engulfed by a cloud of flame

Vault maps used:
D:1:      dpeg_arrival_court
D:2:      first_bread, uniq_terence
D:3:      old_standard_altar, nicolae_underground_beach
D:4:      cheibrodos_greedy_goblins, nicolae_qazlal_eye_of_the_storm,
          minmay_temple_entry_junction, st_stairs_12,
          minmay_misc_feat_diagonals, uniq_eustachio, uniq_natasha
D:5:      lemuel_blue_sif_altar, serial_shops,
          nicolae_shop_temple_entry_statues_fountains, shop,
          nemelex_xobeh_ov_fountains_minmay, uniq_grinder
D:6:      lemuel_doored_altar, portal_sewer_entry_c
D:7:      lightli_temple_of_fire, grunt_temple_overflow_open, the_bakery
D:8:      zin_statuary, xom_butterflies, kennysheep_generic_room_13
D:9:      nicolae_overflow_hidden_temple, enter_bailey_3,
          minmay_tree_intersection, lemuel_flamethrower_hall
Temple:   eino_wide_crystal_templ
Sewer:    sewer_co_scattered_pipes

Skill      XL: |  1  2  3  4  5  6  7  8  9 10 |
---------------+-------------------------------+-----
Armour         | 3 4 5 6 7 9 |  9.7
Axes           | 4 5 6 7 9 |  9.8
Fighting       | 4 5 6 8 9 10 | 10.2
Dodging        | 3 4 5 6 8 |  8.7

Action                   |  1- 3 |  4- 6 |  7- 9 | 10-12 || total
-------------------------+-------+-------+-------+-------++-------
Melee: Hand axe          |    74 |    93 |       |       ||   167
       Headbutt          |     5 |    20 |    64 |    12 ||   101
       War axe           |       |    13 |   382 |    60 ||   455
Invok: Berserk           |       |     1 |       |     1 ||     2
       Trog's Hand       |       |       |     1 |     1 ||     2
Evoke: Wand              |       |       |     2 |       ||     2
  Use: Scroll            |     7 |     2 |    11 |       ||    20
       Potion            |       |     2 |       |       ||     2
  Eat: Chunk             |     3 |     1 |     2 |     1 ||     7
       Bread ration      |       |     2 |     3 |     1 ||     6
       Royal jelly       |       |     1 |       |       ||     1
       Fruit             |       |       |     1 |       ||     1
Armor: Animal skin       |     3 |       |       |       ||     3
       Scale mail        |    29 |    48 |   146 |    24 ||   247
       Skin              |       |     4 |       |       ||     4
Dodge: Dodged            |    59 |    72 |   224 |    50 ||   405
